[Event "44th Chess Olympiad Open 2022"]
[Site "Chennai"]
[Date "2022.08.01"]
[Round "4.48"]
[White "Gemy, Jose Daniel"]
[Black "Hasford, John Kojo"]
[Result "1-0"]
[WhiteElo "2373"]
[BlackElo "1976"]
[Annotator "TA"]
[PlyCount "87"]
[EventDate "2022.??.??"]
[TimeControl "60"]

1. e4 d6 2. d4 g6 3. Be3 Bg7 4. Nc3 Nf6 5. f3 Nc6 6. Nge2 e5 7. Qd2 O-O 8. d5 Ne7 9. O-O-O a6 {[%emt 0:00:41] B07: Pirc Defence:
Miscellaneous Systems.} 10. Bh6 b5 11. h4 {
[%emt 0:01:47][%cal Yh4h5] [#]} Kh8 $146 (11... Bxh6 $11 {
keeps the balance.} 12. Qxh6 b4) ({Predecessor:} 11... Bxh6 12. Qxh6 Kh8 13.
Qd2 h5 14. g4 Kg7 15. g5 Nd7 16. f4 exf4 17. Nxf4 Ne5 {1-0 (25) Emms,J (2532)
-Pein,M (2424) Birmingham 2001}) 12. h5 (12. Bxg7+ $16 Kxg7
13. h5) 12... Bxh6 $11 13. Qxh6 Neg8 14. Qd2 b4 (14... Nxh5 $11
15. g4 Nhf6) 15. Nb1 $14 {[%emt 0:01:04] hxg6 is the strong threat.} Nxh5 16. g4 Nf4 17. Nxf4 exf4 18. Qh2 {[%emt 0:00:48][%csl Gh1][%cal Rh2h7] [#]
White is more active.} h6 19. Qxf4 Qf6 20. Qxf6+ Nxf6 21. Rxh6+ Kg7 22. Rh1 Bd7 23. c4 a5 24. c5 dxc5 25. Nd2 c6 (25... a4 $142)
26. d6 $16 a4 27. e5 Nd5 28. Ne4 Be6 (28... Rfe8 {
keeps fighting.}) 29. Rd2 $18 {[%emt 0:04:57] [#] Threatens to win with Rdh2.}
({Weaker is} 29. Nxc5 Ra5 30. Nxe6+ fxe6 $16) 29... Rh8 30.
Rdh2 Rxh2 31. Rxh2 a3 32. Bc4 axb2+ $2 (32... Nf4 {
is a better defense.} 33. Bxe6 Nxe6) 33. Kxb2 Nf4 34. Bxe6 Nxe6 {[%emt 0:07:16] Endgame KRN-KRN} 35. Rc2 (35. f4 $18) 35... Ra3 $2 {[%emt 0:05:58] This move loses the
game for Black.} (35... Ra5 $16 {is tougher.} 36. d7 Kf8) 36. Nxc5 Nd8 37. Nb3 g5 (37...
Ra6 $142 38. f4 Kf8) 38. Rc4 Ra4 39. Nc5 Ra5 40. Rc2 Ra3 41. Nb3 Kg6 (41... Ra8 {was necessary.}
42. Nd4 Ra5 43. Nxc6 Nxc6) 42. Rc4 {[%emt 0:00:42] White is clearly winning.}
Ra4 43. Nd4 Ra5 44. Nxc6 {
[%emt 0:00:12] Weighted Error Value: White=0.19 (very precise) /Black=0.57} 1-0

[Event "44th Chess Olympiad Open 2022"]
[Site "Chennai"]
[Date "2022.08.01"]
[Round "4.48"]
[White "Mendoza, Rodrigo"]
[Black "Fomevor, Cephas Clinton"]
[Result "1-0"]
[WhiteElo "2215"]
[BlackElo "1830"]
[Annotator "NA RC"]
[PlyCount "50"]
[EventDate "2022.??.??"]
[TimeControl "60"]

1. c4 c6 2. Nf3 Nf6 3. b3 d5 4. Bb2 Bf5 5. e3 e6 6. Nh4 Bg4 7. Qc2 Be7 8. h3 Bh5 9. g4 Ne4 10. Nf3 Bg6 11. d3 Nd6 12. Ne5 Bf6 13.
Nd2 Nd7 14. Nxg6 hxg6 15. d4 e5 16. Bg2 e4 17. Rc1 Nf8 18.
cxd5 cxd5 19. Qc5 Nc8 20. f3 exf3 21. Bxf3 Nb6 22. a4 Ne6 23. Qb5+ Kf8 24. a5 Nc7 25. Qc5+ Ke8 1-0

[Event "44th Chess Olympiad Open 2022"]
[Site "Chennai"]
[Date "2022.08.01"]
[Round "4.48"]
[White "Anhwere, Bernard"]
[Black "Zambrana, Osvaldo"]
[Result "0-1"]
[WhiteElo "1890"]
[BlackElo "2417"]
[Annotator "RC"]
[PlyCount "100"]
[EventDate "2022.??.??"]
[TimeControl "60"]

1. d4 Nf6 2. Nf3 e6 3. g3 d5 4. c4 Be7 5. Bg2 O-O 6. O-O dxc4 7. Qc2 a6 8. Qxc4 b5 9. Qc2 Bb7 10. Bf4 Bd6 11. Bxd6 cxd6 12. Nbd2 Nbd7 13. Rac1 Qb6 14. e4 Rac8 15. Qd3 Rfd8 16. Rfe1 h6 17. Qe2 e5 18. d5 Qa5 19. a3 Qa4 20. Qe3 b4 21. b3 Qa5 22. Nc4 Qc5 23.
Qxc5 Nxc5 24. Na5 Nd3 25. Rxc8 Rxc8 26. Rd1 bxa3 27. Nc4 Nb2 28. Ra1 Nxc4 29. bxc4 Rxc4 30. Nd2 Rc3 31. Bf1 g5 32. Ra2 a5 33. Kg2 Nxd5 34. Nb1 Rc1 35. Nxa3 Nc3 36. Rb2 Bxe4+ 37. f3 Bxf3+ 38. Kxf3 Rxf1+ 39. Kg2 Ra1 40. Nc4 a4 41. Rb8+ Kg7 42. Nxd6 a3 43. Nf5+ Kf6 44. g4 e4 45. Rc8 Ra2+ 46. Kh3 Nd5 47. Rc6+ Ke5 48. Rc5 Rd2 49. Ra5 Kf4 50. Rxa3 Rd3+ 0-1

[Event "44th Chess Olympiad Open 2022"]
[Site "Chennai"]
[Date "2022.08.01"]
[Round "4.48"]
[White "Adu Jnr, Lionel"]
[Black "Bolanos, Fernando"]
[Result "0-1"]
[WhiteElo "1824"]
[BlackElo "2258"]
[Annotator "NA RC"]
[PlyCount "78"]
[EventDate "2022.??.??"]
[TimeControl "60"]

1. g3 d5 2. Bg2 e5 3. d4 exd4 4. Qxd4 Nf6 5. Bg5 Be7 6. c3 c6 7. Nf3 O-O 8. O-O h6 9. Bxf6 Bxf6 10. Qa4 Bf5 11. Nbd2 Nd7 12. Nd4 Bg6 13. Rfe1 Re8 14. Rac1 Nc5 15. Qa3 Be7 16. b4 Nd7 17. Qb3 a5 18. a3 Bf6 19. e4 c5 20. Nc2 axb4 21. axb4 c4 22. Qb2 Ne5 23. Bf1 dxe4 24. Nxc4 Nf3+ 25. Kg2 Nxe1+ 26. Rxe1 Bh5 27. N2e3 Bf3+ 28. Kg1 Rc8 29. Be2 Bxe2 30. Qxe2 Rc7 31. Rd1 Rd7 32. Rxd7 Qxd7 33. Nd1 Rd8 34. Ncb2 Qd2 35. Qxe4 Bxc3 36. Nxc3 Qxc3 37. Qe7 Qc1+ 38. Kg2 Qc6+ 39. Kg1 Re8 0-1

[Event "44th Chess Olympiad Open 2022"]
[Site "Chennai"]
[Date "2022.08.01"]
[Round "4.49"]
[White "Beukes, Dante M"]
[Black "Al-Zendani, Zendan"]
[Result "1/2-1/2"]
[WhiteElo "2234"]
[BlackElo "2284"]
[Annotator "TA"]
[PlyCount "108"]
[EventDate "2022.??.??"]
[TimeControl "60"]

1. e4 d5 2. exd5 Nf6 3. Bb5+ Bd7 4. Bc4 Bg4 5. f3 Bc8 6. Nc3 Nbd7 7. d4 Nb6 8. Bb3 Nbxd5 9. Nxd5 {
[%emt 0:00:06] B01: Scandinavian Defence.} Nxd5 {[%emt 0:00:06] [#]} 10. Qd3
$146 ({Predecessor:} 10. c4 Nf6 11. Ne2 e6 12. O-O Be7 13. Be3
O-O 14. Nc3 b6 15. Qe2 Ba6 16. Qf2 Qd7 17. Rfd1 Rfd8 18. Rac1 {½-½ (39)
Sveshnikov,E (2528)-Shishkov,A (2385) Tallinn 2014}) 10... e6 11. Bd2 {[%emt 0:00:59] White has an edge.} Be7 12. O-O-O a5 13. c3 a4 14. Bc2 a3 15. b3 Bg5 16. Ne2 Bxd2+ 17. Qxd2 b5 18. Rhe1 O-O 19. Nf4 c6 20. h4 (20. Qd3 g6 21. Qd2 Qa5 $11) ({Better is} 20. Nd3 $14)
20... b4 $11 (20... Qxh4 $2 21. Nxd5 h6 22. Rh1 $18) 21. Nxd5 cxd5 22. cxb4 Rb8 23. Kb1 Qd6 24. h5 Qxb4 25. Qd3 f5 26. g4 Bd7 $40 {[%emt 0:01:06] Black attacks.}
27. Qe3 Rbc8 28. h6 f4 29. Qe5 ({Of course not
} 29. Qd3 g6 30. Qd2 Rc3 $15) 29... gxh6 {[%emt 0:00:26] ( -> ...Qc3)} 30. Qe2 (30. Re2 $1 $11) 30... Qc3 $17 31. Bd3 Rf7 ({Black should play} 
31... Rc6 $1 $17 {Strongly threatening ...Rfc8.} 32. Rc1 Qxd4 33. Rxc6 Bxc6 34.
Qxe6+ Kg7 35. Qe7+ Rf7 36. Qe5+ Qxe5 37. Rxe5 d4) 32. Rh1 $11 Kf8 33. Rh2 Ba4 34. Qc2 {[%emt 0:01:00] [#]} (34. Rxh6 Bxb3 $1 35. axb3 Rb7 36. Bb5 Rxb5 $1 37.
Rf6+ Kg7) (34. Qxe6 $11 Bxb3 35. Qxh6+ Rg7 36. Qf6+ Kg8 37. Qe6+ Kh8 38. Qf6)
34... Qxc2+ (34... Rb7 $1 $17 {[%cal Ra4b3] aiming for .. .
Bxb3!} 35. Qxc3 Rxc3) 35. Rxc2 Rxc2 36. Kxc2
$17 {[%emt 0:00:08] Endgame KRB-KRB} Be8 37. Kc3 Rb7 (37... Rc7+ $11 38. Kb4 h5) 38. Re1 (38. Rh1 $1 $14) 38... Ke7 39. Bxh7 (39. Bf5
$5 ) 39... Kf6 40. Bd3 h5 41. Rg1 Rg7 42. b4 {[%emt 0:
00:00] b5 is the strong threat.} hxg4 43. fxg4 f3 44. Rg3 Ke7 (44... Rc7+
$2 45. Kb3 $18) 45. Rxf3 {[%emt 0:00:00] And now Rg3 would win.} (45. b5 {
with more complications.} f2 46. g5 Kd6 47. Kd2) 45... Rxg4 {[%emt 0:00:00]
The position is equal.} 46. Re3 Kd6 47. Be2 Rh4 48. Ba6 Bd7 49. Rg3 Kc7 50. Bd3 Rh2 51. Kb3 Rh4 52. Kc3 Rh2 53. Kb3 Rh4 54. Kc3 Rh2 {[%emt 0:00:00] Weighted Error Value:
White=0.16 (very precise) /Black=0.13 (very precise)} 1/2-1/2

[Event "44th Chess Olympiad Open 2022"]
[Site "Chennai"]
[Date "2022.08.01"]
[Round "4.49"]
[White "Al-Aqrabi, Saleh"]
[Black "Eichab, Charles"]
[Result "1-0"]
[WhiteElo "2172"]
[BlackElo "2048"]
[Annotator "NA RC"]
[PlyCount "54"]
[EventDate "2022.??.??"]
[TimeControl "60"]

1. d4 Nf6 2. Bf4 g6 3. e3 Bg7 4. c3 O-O 5. Be2 d5 6. Nd2 Nbd7 7. h3 c5 8. Ngf3 Qb6 9. Qb3 Qxb3 10. axb3 cxd4 11. exd4 Nh5 12. Bh2 Nhf6 13. b4 Ne4 14. O-O Nxd2 15. Nxd2 e5 16. dxe5 Nxe5 17. Rfe1 Be6 18. Ba6 bxa6 19. Bxe5 Bxe5 20. Rxe5 d4 21. Rxa6 Rac8 22. Rxa7 dxc3 23. bxc3 Rxc3 24. Ne4 Rc1+ 25. Kh2 Rb8 26. Nf6+ Kf8 27. Rxe6 Rxb4 1-0

[Event "44th Chess Olympiad Open 2022"]
[Site "Chennai"]
[Date "2022.08.01"]
[Round "4.49"]
[White "Al-Subaihi, Khalil"]
[Black "Ndahangwapo, Heskiel"]
[Result "1-0"]
[WhiteElo "2141"]
[BlackElo "1904"]
[Annotator "NA RC"]
[PlyCount "85"]
[EventDate "2022.??.??"]
[TimeControl "60"]

1. e4 c5 2. Nf3 d6 3. d4 cxd4 4. Nxd4 Nf6 5. Nc3 a6 6. Bc4 g6 7. Bb3 Bg7 8. f3 Qc7 9. Be3 b5 10. Qd2 Bb7 11. O-O-O Nbd7 12. g4 Nc5 13. Kb1 O-O 14. Bh6 b4 15. Nd5 Bxd5 16. Bxd5 Nxd5 17. exd5 Rab8 18. Bxg7 Kxg7 19. h4 Kh8 20. h5 Rg8 21. hxg6 Rxg6 22. Rh3 e5 23. Rdh1 f5 24. Rxh7+ Qxh7 25. Rxh7+ Kxh7 26. Nxf5 Rh8 27. Qxb4 Rf8 28. a3 Rf7 29. Nxd6 Rxd6 30. Qxc5 Rfd7 31. c4 Kg6 32. Qe3 Re7 33. Qe4+ Kf7 34. c5 Rf6 35. d6 Ree6 36. Qb7+ Kg6 37. d7 Re7 38. Qc8 Rxd7 39. Qxd7 Rxf3 40. Qe6+ Rf6 41. Qxe5 Rf1+ 42. Ka2 Rf6 43. c6 1-0

[Event "44th Chess Olympiad Open 2022"]
[Site "Chennai"]
[Date "2022.08.01"]
[Round "4.49"]
[White "Uapingene, Uatiavi Jossy"]
[Black "Al Harazy, Khalid"]
[Result "1-0"]
[WhiteElo "1798"]
[BlackElo "2149"]
[Annotator "NA RC"]
[PlyCount "141"]
[EventDate "2022.??.??"]
[TimeControl "60"]

1. d4 d5 2. Bg5 Nf6 3. Bxf6 exf6 4. e3 Bd6 5. g3 O-O 6. Bg2 c6 7. Ne2 Be6 8. O-O Qc8 9. Re1 Bh3 10. Bh1 g5 11. Nd2 f5 12. Nf3 f6 13.
Bg2 f4 14. exf4 gxf4 15. Qd2 fxg3 16. hxg3 Bxg2 17. Kxg2 Qg4 18. Rh1 Nd7 19. Rh4 Qf5 20. Rah1 Rf7 21. Rh5 Qe4 22. Nc3 Qe7 23. Nh4 Qd8 24. Qe2 Qe8 25. Qf3 Bf8 26. Nf5 Nb6 27. R1h4 Qd7 28. Ne2 Re8 29. Nf4 Re4 30. Qg4+ Rg7 31. Nxg7 Qxg4 32. Rxg4 Bxg7 33. f3 Re7 34. b3 Nd7 35. Rh6 Rf7 36. Nh5 Kh8 37. Rxg7 Rxg7 38. Nxg7 Kxg7 39. Rh1 Nf8 40. Re1 Kf7 41. Kf2 Ne6 42. c3 h5 43. a4 a6 44. b4 Nc7 45. Ke3 Ne6 46. f4 f5 47. a5 Nc7 48.
Kd3 Ne8 49. Re5 Nd6 50. Re3 Kf6 51. Re5 Kf7 52. Re1 Kf6 53.
Rh1 Kg6 54. Rh2 Ne4 55. c4 Nxg3 56. cxd5 cxd5 57. b5 axb5 58. Rb2 h4 59. Rxb5 h3 60. Rb6+ Kh5 61. Rxb7 Kg4 62. Rb1 Nh5 63. a6 Nxf4+ 64. Ke3 Ne6 65. Rg1+ Kh4 66. a7 h2 67. Rh1 f4+ 68. Kf3 Nxd4+ 69. Kxf4 Ne6+ 70. Ke5 Nc7 71. Rxh2+ 1-0

[Event "44th Chess Olympiad Open 2022"]
[Site "Chennai"]
[Date "2022.08.01"]
[Round "4.50"]
[White "Tapia Ostolaza, Alexei"]
[Black "Attalib, Osama A."]
[Result "1-0"]
[WhiteElo "2201"]
[BlackElo "2033"]
[Annotator "NA RC"]
[PlyCount "112"]
[EventDate "2022.??.??"]
[TimeControl "60"]

1. Nf3 Nf6 2. g3 d6 3. d4 c6 4. Bg2 Nbd7 5. O-O e5 6. dxe5 dxe5 7. Bg5 Qc7 8. c3 Be7 9. Nbd2 O-O 10. Qc2 Re8 11. Rfd1 h6 12. Bxf6 Nxf6 13. Nh4 Bf8 14. Ne4 Nxe4 15. Bxe4 Be6 16. Rd2 Rad8 17. Bh7+ Kh8 18. Bd3 Rd7 19. Rad1 Red8 20. Nf3 b5 21. a4 b4 22. c4 Bc5 23. Bf5 Rxd2 24. Rxd2 Rxd2 25. Nxd2 Qb6 26. Bxe6 Bxf2+ 27. Kg2 fxe6 28. Ne4 b3 29. Qd2 Be3 30. a5 Qd4 31. Qxd4 Bxd4 32. Nd2 Bxb2 33. Nxb3 Kg8 34. Kf3 a6 35. Nc5 Bc3 36. Nxe6 Bxa5 37. Nc5 Kf7 38. Ke4 Kf6 39. Nxa6 Ke6 40. Nc5+ Kf6 41. Nd7+ Ke6 42. Nxe5 c5 43. Nd3 Bb6 44. Nf4+ Kd6 45. Kf5 Bd8 46. Nh5 g6+ 47. Kxg6 Ke5 48. Ng7 Bg5 49. Nf5 Bc1 50. g4 Bd2 51. h4 Kf4 52. Nxh6 Ke3 53.
Nf5+ Kxe2 54. h5 Kd3 55. g5 Kxc4 56. h6 Kd5 1-0

[Event "44th Chess Olympiad Open 2022"]
[Site "Chennai"]
[Date "2022.08.01"]
[Round "4.50"]
[White "Delgado Rosas, Alex Antonio"]
[Black "Abugenda, Nagi"]
[Result "0-1"]
[WhiteElo "2149"]
[BlackElo "1991"]
[Annotator "NA RC"]
[PlyCount "44"]
[EventDate "2022.??.??"]
[TimeControl "60"]

1. d4 Nf6 2. Bf4 d6 3. Nc3 g6 4. e4 Bg7 5. Qd2 Nbd7 6.
O-O-O O-O 7. f3 c5 8. dxc5 Nxc5 9. Bh6 Qa5 10. h4 Be6 11. Bxg7 Kxg7 12. h5 Rac8 13. hxg6 fxg6 14. Qh6+ Kg8 15. Nh3 Bxa2 16. Qe3 Rc7 17. Rd4 Bf7 18. Kd2 Qa1 19. Rb4 Rd8 20. Nf2 Qa5 21. Rb5 Qa6 22. Rxc5 dxc5+ 0-1

[Event "44th Chess Olympiad Open 2022"]
[Site "Chennai"]
[Date "2022.08.01"]
[Round "4.50"]
[White "Alhassadi, Yousef A."]
[Black "Ramos Espinoza, Efren Andres"]
[Result "1/2-1/2"]
[WhiteElo "2068"]
[BlackElo "2158"]
[Annotator "NA RC"]
[PlyCount "121"]
[EventDate "2022.??.??"]
[TimeControl "60"]

1. e4 c5 2. c3 Nf6 3. e5 Nd5 4. d4 cxd4 5. cxd4 Nc6 6. Nf3 d6 7. Bc4 e6 8. Qe2 dxe5 9. dxe5 Bb4+ 10. Bd2 Nf4 11. Qe4 Bxd2+ 12. Nbxd2 Ng6 13. O-O O-O 14. Rfd1 Qc7 15. Re1 Rd8 16. Rad1 Bd7 17. h4 Na5 18. Bd3 Bc6 19. Qe3 Qb6 20. Qxb6 axb6 21. Bxg6 hxg6 22. Ng5 Bd5 23. a3 Nc6 24. Ndf3 b5 25. Nd4 Ra4 26. Nxb5 Rxh4 27. Nc3 Bxg2 28. Rxd8+ Nxd8 29. Rd1 Nc6 30. f3 Rh5 31. f4 f6 32. exf6 gxf6 33. Nxe6 Bf3 34. Rd3 Rh1+ 35. Kf2 Bg4 36. Nc5 Bf5 37. Rd2 Rh2+ 38. Ke3 Rh3+ 39. Kf2 Na5 40. N5e4 Nc4 41. Rd4 Nxb2 42. Nxf6+ Kf7 43. Nfe4 Bxe4 44. Nxe4 Rxa3 45. Nd6+ Ke6 46. Nxb7 Ra7 47. Nd6 Ra3 48. Ne4 Ke7 49. Ke2 Na4 50. Rd3 Ra2+ 51. Kf3 Rc2 52. Rd6 Kf7 53. Ra6 Nc5 54. Rc6 Ne6 55. Nd6+ Kf8 56. Rxc2 Nd4+ 57. Kg4 Nxc2 58. f5 Ne3+ 59. Kg5 gxf5 60. Nxf5 Nxf5 61. Kxf5 1/2-1/2

[Event "44th Chess Olympiad Open 2022"]
[Site "Chennai"]
[Date "2022.08.01"]
[Round "4.50"]
[White "Naser Eldean, Ahmed"]
[Black "Leon Archibaldo, Orlando Andres"]
[Result "0-1"]
[WhiteElo "1941"]
[BlackElo "2193"]
[Annotator "NA RC"]
[PlyCount "72"]
[EventDate "2022.??.??"]
[TimeControl "60"]

1. Nf3 c5 2. g3 g6 3. Bg2 Bg7 4. O-O Nc6 5. e4 d6 6. d3 Nf6 7. Nc3 O-O 8. h3 Rb8 9. a4 a6 10. Be3 b5 11. axb5 axb5 12. Ne2 Nd7 13. c3 Nde5 14. Nxe5 Nxe5 15. f4 Nd7 16. g4 b4 17. f5 bxc3 18. bxc3 Rb2 19. Bc1 Rb8 20. Ra3 Bb7 21. Nf4 Ra8 22. fxg6 hxg6 23. Rxa8 Qxa8 24. Qb3 Ne5 25. d4 c4 26. Qc2 Nd3 27. Nxd3 cxd3 28. Qxd3 Ba6 29. c4 Qc8 30. Qd1 Qxc4 31. Be3 Rb8 32. d5 Qc3 33. Rf3 Rb2 34. Bc1 Qc5+ 35. Be3 Qb4 36. Kh2 Be2 0-1

[Event "44th Chess Olympiad Open 2022"]
[Site "Chennai"]
[Date "2022.08.01"]
[Round "4.51"]
[White "Harper, Ryan"]
[Black "Ortega Amarelle, Mariano"]
[Result "0-1"]
[WhiteElo "2208"]
[BlackElo "2463"]
[Annotator "TA"]
[PlyCount "80"]
[EventDate "2022.??.??"]
[TimeControl "60"]

1. e4 c5 2. Nf3 d6 3. d4 cxd4 4. Nxd4 Nf6 5. Nc3 Nc6 6. Bg5 e6 7. Qd2 a6 8. O-O-O Bd7 9. f4 h6 10. Bh4 g5 11. fxg5 Ng4 12. Nf3 hxg5 13. Bg3 Be7 14. h3 {[%emt 0:05:46][%cal Yf1a6] aiming for Bxa6! B67:
Sicilian: Richter-Rauzer: 7...a6 8 0-0-0 Bd7, lines without 9 f4 Be7.} (14.
Bxd6 Bxd6 15. Qxd6 Nf2 $17) 14... Nge5 15. Nxe5 Nxe5 {[%emt 0:00:11] [#]} 16. Bd3 $146 {[%emt 0:13:40] White is slightly
better.} ({Predecessor:} 16. Qd4 Qa5 17. Bc4 Rc8 18. Bb3 Qc5 19. Na4 Qxd4 20.
Rxd4 Bc6 21. Nb6 Rd8 22. Rhd1 {½-½ (65) Fischer,D (2114)-Fuchs,F (2347)
Tegernsee 2017}) 16... b5 17. Ne2 Qb6 {[%emt 0:10:10] Inhibits Nd4.} 18. Rhf1 Bc6 19. Bf2 Qb7 20.
Bd4 f6 21. Ng3 O-O-O 22. Qe2 Rh4 23. Kb1 Kb8 24. Bc3 Rdh8 25.
Rde1 Qc7 26. Nh1 d5 {
[%emt 0:12:08] White must now prevent ...dxe4.} 27. Nf2 Nxd3 28. cxd3 b4 29. Bd2 dxe4 (29... Ba4 30. exd5 Bc2+ 31. Ka1 $11) (29... Rd8
{looks sharper.} 30. exd5 Bxd5 31. Ng4 Qc6) 30. Nxe4 Qd8 ({Much less strong is} 30... Ba4 31. Nxf6 (31. b3 Bb5 $17)
31... Bc2+ 32. Ka1 $16) 31. Ka1 Bd5 {[%emt 0:00:13] Hoping
for ...f5.} 32. Kb1 $2 (32. Rc1 $11) 32... f5 $19 33. Ng3 R4h7 34. Bc1 (34. Rc1 $17 {was worth a try.}) 34... Bd6 35.
Qf2 {[%emt 0:00:21] [#]} (35. Nh1) 35... b3 $2 ({Stronger than
} 35... Qa5 36. b3 $17) (35... Bxa2+ $1 $19 36. Kxa2 Qa5+ 37. Kb3 (37. Kb1 $2
b3 $19) 37... Qd5+ 38. Kc2 Rc8+ 39. Kb1 Qxd3+ 40. Ka1 Rc5 41. Qxc5 Bxc5 42.
Bxg5 Bd4 43. Bf4+ e5 44. Bxe5+ Bxe5 45. Rxe5 Qxg3 46. Rexf5 Qxg2) 36. axb3 $2 (36. Bxg5 $1 $15 bxa2+ 37. Ka1) 36... Bxb3 {[%emt 0:00:41] A
strong pair of Bishops.} (36... Qa5 $142 37. Ne2 Bxb3) 37. Bxg5 $2 (37. Bd2) 37... Qa5 {[%emt 0:00:13] ( -> ...Rc7)} 38. Bf6 Rc8 39. Bc3 Qa2+ 40. Kc1 {[%emt 0:00:05] [#]} Rxc3+ $1 {[%emt 0:00:07] Weighted
Error Value: White=1.08/Black=0.30} 0-1

[Event "44th Chess Olympiad Open 2022"]
[Site "Chennai"]
[Date "2022.08.01"]
[Round "4.51"]
[White "Munro, Allan"]
[Black "Mirulla, David"]
[Result "0-1"]
[WhiteElo "2008"]
[BlackElo "1953"]
[Annotator "NA RC"]
[PlyCount "72"]
[EventDate "2022.??.??"]
[TimeControl "60"]

1. d4 Nf6 2. c4 g6 3. Nc3 Bg7 4. e4 d6 5. Be2 O-O 6. Be3 e5 7. d5 a5 8. g4 Na6 9. h4 Nc5 10. f3 Ne8 11. g5 f5 12. Qd2 f4 13. Bf2 h6 14. gxh6 Bxh6 15.
O-O-O Nd7 16. Nh3 Ndf6 17. Rdg1 Kf7 18. Bf1 Ng7 19. Be1 Nfh5 20. Kb1 Bd7 21. Ng5+ Bxg5 22. Rxg5 Rh8 23. c5 Ng3 24. Bxg3 Qxg5 25. hxg5 Rxh1 26. Bf2 Rxf1+ 27. Kc2 Rh8 28. Qe2 Rfh1 29. c6 bxc6 30. dxc6 Be6 31. Qa6 R8h2 32. Qa7 Ne8 33. a3 Rf1 34. Nd1 a4 35. Kd2 Bb3 36. Ke2 Rxd1 0-1

[Event "44th Chess Olympiad Open 2022"]
[Site "Chennai"]
[Date "2022.08.01"]
[Round "4.51"]
[White "Rodriguez Guevara, Celia M."]
[Black "Winter Atwell, Adrian"]
[Result "0-1"]
[WhiteElo "1859"]
[BlackElo "2250"]
[Annotator "NA RC"]
[PlyCount "92"]
[EventDate "2022.??.??"]
[TimeControl "60"]

1. e4 e5 2. Nf3 Nc6 3. Bc4 Bc5 4. c3 Nf6 5. d3 O-O 6. O-O d5 7. exd5 Nxd5 8. Re1 Bg4 9. Nbd2 Nb6 10. Ne4 Nxc4 11. Nxc5 Nd6 12. Bg5 Qc8 13. Ne4 f6 14. Be3 Rd8 15. h3 Bh5 16. Ng3 Bf7 17. Qa4 h5 18.
Ne4 Nf5 19. Rad1 Rd5 20. Qc2 a5 21. a4 Qd8 22. Rd2 Nce7 23.
d4 exd4 24. Bxd4 Nxd4 25. Rxd4 Nc6 26. Rdd1 b6 27. Qe2 Qd7 28. Rxd5 Qxd5 29. Qd2 Rd8 30. Qxd5 Bxd5 31. Ned2 Kf7 32. Kf1 g5 33. Re2 g4 34. Nh2 f5 35. h4 Kf6 36. Ke1 Bxg2 37. f3 Bh1 38.
Kf2 Ne5 39. fxg4 hxg4 40. Kg1 Bc6 41. Nhf1 Bxa4 42. Rf2 Bc6 43. Ne3 Nf3+ 44. Nxf3 Bxf3 45. Kh2 Rd3 46. Nf1 f4 0-1

[Event "44th Chess Olympiad Open 2022"]
[Site "Chennai"]
[Date "2022.08.01"]
[Round "4.51"]
[White "Teixeira, Gil"]
[Black "Johnson, Joshua"]
[Result "0-1"]
[WhiteElo "1741"]
[BlackElo "2178"]
[Annotator "NA RC"]
[PlyCount "74"]
[EventDate "2022.??.??"]
[TimeControl "60"]

1. e4 e5 2. Nf3 Nc6 3. c3 d5 4. Bb5 dxe4 5. Nxe5 Qd5 6.
Bxc6+ bxc6 7. d4 exd3 8. Nxd3 Qxg2 9. Qe2+ Be7 10. Rf1 Bg4 11. f3 Qxe2+ 12. Kxe2 Bf5 13. Ne5 Bd6 14. Nxc6 Bd7 15. Nd4 c5 16. Nb3 Bb5+ 17. Kf2 Bxf1 18. Kxf1 Bxh2 19. f4 Bg3 20. Kg2 Bh4 21. Nxc5 Be7 22. Ne4 Nf6 23. Nbd2 Rd8 24. Nxf6+ Bxf6 25. Ne4 Rd1 26. Nf2 Re1 27. Nd3 Re7 28. Kf3 O-O 29. Be3 Rfe8 30. Bc5 Rd7 31. Nf2 Rd2 32. Rb1 Bh4 33. Bd4 f5 34. b4 Ree2 35. Nh3 Rh2 36.
Ng5 Rd3+ 37. Be3 Rf2# 0-1

[Event "44th Chess Olympiad Open 2022"]
[Site "Chennai"]
[Date "2022.08.01"]
[Round "4.52"]
[White "Husbands, Orlando"]
[Black "Gong, Daniel Hanwen"]
[Result "0-1"]
[WhiteElo "2353"]
[BlackElo "2296"]
[Annotator "TA"]
[PlyCount "90"]
[EventDate "2022.??.??"]
[TimeControl "60"]

1. d4 Nf6 2. c4 d6 3. Nf3 g6 4. Nc3 Bf5 5. g3 Ne4 6. Bg2 {
[%emt 0:01:41] E61: King's Indian: Early deviations for White, including
Smyslov System.} Nxc3 7. bxc3 Be4 8. O-O {[%emt 0:00:59] The position is equal.} Bg7 {[%emt 0:00:04] [#]}
9. Bg5 $146 ({Predecessor:} 9. Bh3 c5 10. Be3 b6 11. d5 Bxf3
12. exf3 O-O 13. Qd3 Nd7 14. f4 f5 15. Rfe1 {½-½ (105) Yilmaz,M (2594)-Jones,
G (2650) Dubai 2016}) 9... h6 10. Be3 Nd7 11. Qa4 O-O 12. Rfd1 $1 Nb6 13. Qb3 Qe8 14. Nh4 Bxg2 15. Nxg2 Qc6 16. c5 dxc5 17. dxc5 Na4 18. Nf4 {
[%emt 0:04:11] Black continues to play with concentration.} ({White should play
} 18. Rdc1 $15) 18... Nxc3 $19 19. Rdc1 g5 20. Rxc3 gxf4 21. Bxf4 Bxc3 22. Qxc3 Rfd8 23. Qe3 Rd5 24. Bxh6 (24. Qxe7 {was worth a try.} Re8 25. Qh4) 24... Rad8 ({Not} 
24... Qxc5 25. Qf3 Qc6 26. Bf4) 25. Rf1 Rd1 $40 {[%emt 0:00:
00] Black is out for blood.} ({Stronger than} 25... Qxc5 26. Qf3 Qc6 27. Bf4)
26. f3 Rxf1+ 27. Kxf1 {[%emt 0:00:00]
Endgame KQR-KQB} Rd5 28. Kg2 Qe6 {[%emt 0:02:
14] White must now prevent ...Re5.} 29. Qxe6 fxe6 {[%emt 0:00:
03] KR-KB} 30. Be3 b6 31. c6 (31. Kf2 {is the only way for White.}) 31... Rd6 32. h4 Rxc6 {[%emt 0:00:07] aiming for ...Rc2.} 33. h5 Rc2 $1 34. Kf2 c5 35. g4 e5 36.
g5 (36. a4 $142 Rc4 37. Bg5) 36... c4 37. g6 c3 38. h6 {[%emt 0:00:00] [#]} Rd2 $1 39. f4 (39. Ke1 Rd6) 39... Rd6 {[%emt 0:00:55]
Strongly threatening ...exf4.} 40. f5 Rf6 {[%emt 0:01:13]
Threatens to win with ...e6.} 41. h7+ Kh8 {[%emt 0:30:26] And
now ...e6 would win.} 42. Kg3 (42. Ke1 $142) 42... Rxf5 43. Kg4 e6 44. Bh6 c2 {[%emt 0:00:18][%cal Yf5f4] ( -> ...Rf4+!)} 45. e4 {[%emt 0:00:10] 
[#]} Rf1 {[%emt 0:00:22] Weighted Error Value: White=0.88/Black=0.39} (45...
Rf4+ $142 $1 46. Bxf4 exf4 47. Kxf4 c1=Q+ 48. Ke5 Qg5+ 49. Kd4 Qxg6 50. Ke5
Kxh7 51. Kd4 Qg3 52. Kc4 Qe3 53. e5 Qe2+ 54. Kc3 Qxa2 55. Kd3 Qb3+ 56. Ke2 a5
57. Kd2 a4 58. Ke2 a3 59. Kf2 a2 60. Kg2 a1=Q 61. Kh2 Qab2+ 62. Kh1 Qd1#) 0-1

[Event "44th Chess Olympiad Open 2022"]
[Site "Chennai"]
[Date "2022.08.01"]
[Round "4.52"]
[White "Croad, Nicolas"]
[Black "Blackman, Justin"]
[Result "0-1"]
[WhiteElo "2289"]
[BlackElo "2195"]
[Annotator "NA RC"]
[PlyCount "104"]
[EventDate "2022.??.??"]
[TimeControl "60"]

1. d4 Nf6 2. c4 e6 3. Nc3 Bb4 4. Qc2 O-O 5. a3 Bxc3+ 6. Qxc3 Qe8 7. g3 a5 8. Bg2 d6 9. b3 Ra7 10. Bb2 a4 11. b4 b5 12. c5 Bb7 13.
Nf3 Ne4 14. Qc2 f5 15. O-O Bd5 16. Ne1 Nd7 17. f3 Ng5 18. Nd3 Nf6 19. Rae1 Bb3 20. Qd2 Qg6 21. Bc1 h6 22. Nf4 Qh7 23. Bb2 Raa8 24. Rf2 Rae8 25. Nd3 Bd5 26. Rc1 Nf7 27. cxd6 cxd6 28. Rc7 Rc8 29. Rxc8 Rxc8 30. Rf1 h5 31. Rc1 Bc4 32. Nf2 h4 33. e4 hxg3 34. hxg3 Qg6 35. exf5 exf5 36. Nh1 d5 37. Re1 Qh5 38. Qf4 Bb3 39. Rc1 Re8 40. Kf2 Ng5 41. Qxf5 Nge4+ 42. fxe4 Ng4+ 43. Kf3 dxe4+ 44. Kf4 Rf8 45. Qxf8+ Kxf8 46. Rc8+ Ke7 47. d5 g5+ 48. Kxe4 Qg6+ 49. Kd4 Qf6+ 50. Kc5 Qxb2 51. d6+ Kd7 52. Rc7+ Kd8 0-1